 Dungeon Crawl Stone Soup version 0.26.1-11-gd32895ea62 (webtiles) character file.

Game seed: 14579305755511807728

47089 phalm the Slinger (level 14, -5/108 HPs)
             Began as a Gnoll Conjurer on June 3, 2021.
             Was a High Priest of Cheibriados.
             Slain by Beepinex's ghost (30 damage)
             ... on level 5 of the Lair of Beasts.
             The game lasted 00:41:42 (21214 turns).

phalm the Slinger (Gnoll Conjurer)                 Turns: 21214, Time: 00:41:43

Health: -5/108     AC:  8    Str: 24    XL:     14   Next: 40%
Magic:  3/28       EV: 23    Int: 40    God:    Cheibriados [*****.]
Gold:   1143       SH:  8    Dex: 27    Spells: 10/33 levels left

rFire    + + .     SeeInvis +   I - staff of poison {!a}
rCold    + + +     Faith    .   K - +0 buckler
rNeg     + . .     Spirit   .   a - +2 robe {rC+ rF+}
rPois    +         Reflect  .   s - +2 hat {SInv}
rElec    .         Harm     .   X - scarf {rC+ rF+}
rCorr    .         Rampage  .   q - +0 pair of gloves
Will     +....                  (no boots)
Stlth    +++++.....             y - amulet of magic regeneration
HPRegen  0.28/turn              N - ring of positive energy
MPRegen  0.46/turn              C - ring of protection from cold

@: studying Slings, very slow
A: distributed training, fangs 1, strong nose
a: Renounce Religion, Bend Time, Temporal Distortion, Slouch, Step From Time


You were on level 5 of the Lair of Beasts.
You worshipped Cheibriados.
Cheibriados was extremely pleased with you.
You visited 3 branches of the dungeon, and saw 16 of its levels.
You also visited: Sewer.

You collected 1143 gold pieces.


Innate Abilities, Weirdness & Mutations

Your experience applies equally to all skills.
You have very sharp teeth.
Your uncanny sense of smell can sniff out nearby items.


   Skills:
 + Level 9.2 Fighting
 + Level 9.2 Short Blades
 + Level 9.2 Long Blades
 + Level 9.2 Axes
 + Level 9.2 Maces & Flails
 + Level 9.2 Polearms
 + Level 9.2 Staves
 + Level 11.6 Slings
 + Level 9.2 Bows
 + Level 9.2 Crossbows
 + Level 9.2 Throwing
 + Level 9.2 Armour
 + Level 10.2 Dodging
 + Level 10.1 Stealth
 + Level 9.2 Shields
 + Level 9.2 Unarmed Combat
 + Level 10.4 Spellcasting
 + Level 10.4 Conjurations
 + Level 7.6 Hexes
 + Level 7.6 Summonings
 + Level 7.6 Necromancy
 + Level 7.6 Translocations
 + Level 7.6 Transmutations
 + Level 7.6 Fire Magic
 + Level 7.6 Ice Magic
 + Level 7.6 Air Magic
 + Level 7.6 Earth Magic
 + Level 7.6 Poison Magic
 + Level 10.0 Invocations
 + Level 9.2 Evocations


You had 10 spell levels left.
You knew the following spells:

 Your Spells              Type           Power        Failure   Level
b - Fireball              Conj/Fire      38%          1%          5
f - Fulminant Prism       Conj/Hex       38%          1%          4
m - Magic Dart            Conj           100%         1%          1
n - Iskenderun's Battles  Conj           81%          1%          5
s - Searing Ray           Conj           100%         1%          2
B - Blink                 Tloc           N/A          1%          2
X - Iskenderun's Mystic   Conj/Tloc      76%          1%          4

Your spell library contained the following spells:

 Spells                   Type           Power        Failure   Level
 Animate Skeleton         Necr           100%         1%          1
 Foxfire                  Conj/Fire      100%         1%          1
 Pain                     Necr           100%         1%          1
 Shock                    Conj/Air       100%         1%          1
 Call Imp                 Summ           70%          1%          2
 Slow                     Hex            70%          1%          2
 Swiftness                Air            70%          1%          2
 Conjure Flame            Conj/Fire      76%          1%          3
 Dazzling Flash           Conj/Hex       100%         1%          3
 Inner Flame              Hex/Fire       70%          1%          3
 Mephitic Cloud           Conj/Pois/Air  94%          1%          3
 Static Discharge         Conj/Air       76%          1%          3
 Vampiric Draining        Necr           35%          1%          3
 Airstrike                Air            35%          1%          4
 Animate Dead             Necr           35%          1%          4
 Sticky Flame             Conj/Fire      76%          1%          4
 Agony                    Necr           70%          1%          5
 Bolt of Magma            Conj/Fire/Erth 37%          1%          5
 Lightning Bolt           Conj/Air       38%          1%          5
 Iron Shot                Conj/Erth      38%          6%          6
 Orb of Destruction       Conj           40%          21%         7
 Spellforged Servitor     Conj/Summ      38%          34%         7

Inventory:

Missiles
 d - 10 boomerangs
 h - 4 javelins
 r - 6 curare-tipped darts {=f}
 G - 2 throwing nets {=f!f}
Armour
 a - a +2 robe of resistance (worn)
   (You took it off an orc wizard on level 10 of the Dungeon)
 m - a +1 robe of the Archmagi
   (You took it off a spriggan on level 5 of the Lair of Beasts)
 q - a +0 pair of gloves (worn)
   (You found it on level 2 of the Dungeon)
 s - a +2 hat of see invisible (worn)
   (You took it off Gastronok on level 1 of the Lair of Beasts)
 K - a +0 buckler (worn)
   (You found it on level 5 of the Dungeon)
 X - a scarf of resistance (worn)
   (You found it on level 10 of the Dungeon)
Magical Staves
 I - an uncursed staff of poison (weapon) {!a}
   (You found it on level 4 of the Dungeon)
Jewellery
 y - an amulet of magic regeneration (around neck)
   (You took it off a kobold on level 7 of the Dungeon)
 C - a ring of protection from cold (right hand)
   (You found it on level 4 of the Dungeon)
 L - an uncursed ring of flight
   (You found it on level 7 of the Dungeon)
 N - a ring of positive energy (left hand)
   (You took it off an orc warrior on level 10 of the Dungeon)
Wands
 l - a wand of polymorph (7)
   (You found it on level 5 of the Lair of Beasts)
 u - a wand of paralysis (10)
   (You took it off Pikel on level 7 of the Dungeon)
 U - a wand of enslavement (10)
   (You found it on level 10 of the Dungeon)
Scrolls
 b - 2 scrolls of noise {!r}
 e - 13 scrolls of teleportation {@r4}
 g - a scroll of holy word {unknown}
 k - a scroll of fear
 n - 2 scrolls of blinking {!r}
 p - 6 scrolls of immolation {!r!r}
 t - 8 scrolls of remove curse {@r2}
 E - 2 scrolls of fog
 Q - 2 scrolls of amnesia
 T - a scroll of brand weapon {unknown}
 V - a scroll of vulnerability {unknown}
Potions
 c - 2 potions of mutation {!q}
 f - 2 potions of magic {unknown}
 i - 2 potions of cancellation
 j - 5 potions of heal wounds {@q2}
 o - a potion of ambrosia {unknown}
 z - 2 potions of might
 A - 2 potions of attraction {!q}
 H - 4 potions of curing {@q1}
 P - 3 potions of flight {unknown}
 S - 2 potions of lignification {!q}
Books
 O - a manual of Slings {!d}
   (You found it on level 7 of the Dungeon)

Dungeon Overview and Level Annotations

Branches:
Dungeon (10/15)            Temple (1/1) D:6            Lair (5/6) D:10
  Swamp (0/4) Lair:2       Spider (0/4) Lair:3        Slime (0/5) Lair:5
    Orc (0/2) D:10          Sewer (visited)

Altars:
Ashenzari
Cheibriados
Dithmenos
Elyvilon
Fedhas
Gozag
Hepliaklqana
Kikubaaqudgha
Makhleb
Nemelex Xobeh
Okawaru
Qazlal
Ru
Sif Muna
Trog
Uskayaw
Vehumet
Wu Jian
Xom
Yredelemnul
Zin
The Shining One
Jiyva

Shops:
D:7 [

Annotations:
Lair:5 Beepinex's ghost, journeyman HOFi

### ############.#
###
#...#.#P.##.#####.#
#)?.#.......P#P....
#?..#..............
##W##..............
#.@○..#..#.........
##...P#.##.........
###.###.##...####.
### ###.#### ###
### ###P. ##....
#.^... #♣....
♣.P...


You could see Beepinex's ghost.


Message History

Your battlesphere fires!
The barrage of energy hits Beepinex's ghost!
Beepinex's ghost hits you but does no damage. 😨 HP[+1] MP[-1]
You lost 1 mp, and now have 9/28 mp.
Casting: Searing Ray (safe; 1% risk of failure)
Confirm with . or Enter, or press ? or * to list all spells.
You erupt in a blast of force!
The mystic blast hits Beepinex's ghost.
Beepinex's ghost is knocked back by the mystic blast. 😨 MP[-3]
You lost 3 mp, and now have 6/28 mp.
Aiming: Corrosive Bolt
Press: ? - help, Shift-Dir - straight line, f/p - Beepinex's ghost
Aim: Beepinex's ghost, wielding a vorpal weapon (moderately damaged, 33% to evade)
The bolt of acid hits Beepinex's ghost.
Aiming: Corrosive Bolt
Press: ? - help, Shift-Dir - straight line, f/p - Beepinex's ghost
Aim: Beepinex's ghost, wielding a vorpal weapon (heavily damaged, 33% to evade)
The bolt of acid hits Beepinex's ghost! 😨 MP[+1]
Aiming: Corrosive Bolt
Press: ? - help, Shift-Dir - straight line, f/p - Beepinex's ghost
Aim: Beepinex's ghost, wielding a vorpal weapon (heavily damaged, 33% to evade)
The bolt of acid hits Beepinex's ghost. 😨 HP[+1]
Casting: Iskenderun's Mystic Blast (safe; 1% risk of failure)
Confirm with . or Enter, or press ? or * to list all spells.
You erupt in a blast of force!
The mystic blast hits Beepinex's ghost!!
Beepinex's ghost is knocked back by the mystic blast.
Your battlesphere fires!
The barrage of energy hits Beepinex's ghost. 😨 MP[-3]
You lost 3 mp, and now have 4/28 mp.
Aiming: Corrosive Bolt
Press: ? - help, Shift-Dir - straight line, f/p - Beepinex's ghost
Aim: Beepinex's ghost, wielding a vorpal weapon (severely damaged, 33% to evade)
The bolt of acid hits Beepinex's ghost!
Aiming: Corrosive Bolt
Press: ? - help, Shift-Dir - straight line, f/p - Beepinex's ghost
Aim: Beepinex's ghost, wielding a vorpal weapon (severely damaged, 33% to evade)
The bolt of acid hits Beepinex's ghost! 😨 HP[+1] MP[+1]
Casting: Iskenderun's Mystic Blast (safe; 1% risk of failure)
Confirm with . or Enter, or press ? or * to list all spells.
You erupt in a blast of force!
The mystic blast hits Beepinex's ghost.
Beepinex's ghost is knocked back by the mystic blast. 😨 MP[-4]
You lost 4 mp, and now have 1/28 mp.
Aiming: Corrosive Bolt
Press: ? - help, Shift-Dir - straight line, f/p - Beepinex's ghost
Aim: Beepinex's ghost, wielding a vorpal weapon (almost destroyed, 33% to evade)
The bolt of acid hits Beepinex's ghost. 😨 MP[+1]
Aiming: Magic Dart (safe; 1% risk of failure)
Press: ? - help, Q - select action, (/) - cycle Shift-Dir - straight line, f/p - Beepinex's ghost
Aim: Beepinex's ghost, wielding a vorpal weapon (almost destroyed, 0% to evade)
Okay, then.
Aiming: Corrosive Bolt
Press: ? - help, Shift-Dir - straight line, f/p - Beepinex's ghost
Aim: Beepinex's ghost, wielding a vorpal weapon (almost destroyed, 33% to evade)
The bolt of acid hits Beepinex's ghost.
Beepinex's ghost completely resists.
The now-empty wand crumbles to dust.
Aiming: Magic Dart (safe; 1% risk of failure)
Press: ? - help, Q - select action, (/) - cycle Shift-Dir - straight line, f/p - Beepinex's ghost
Aim: Beepinex's ghost, wielding a vorpal weapon (almost destroyed, 0% to evade)
The magic dart hits Beepinex's ghost but does no damage.
Your battlesphere fires!
The barrage of energy hits Beepinex's ghost!
Your battlesphere expends the last of its energy and dissipates. 😨 HP[+1] MP[-1]
You lost 1 mp, and now have 1/28 mp.
You don't have any such object.
Evoke which item? (* to show all) (? for menu, Esc to quit)
That's the wrong kind of item! (Use * to select it.) Evoke which item? (* to show all) (? for menu, Esc to quit)
That's the wrong kind of item! (Use * to select it.) Evoke which item? (* to show all) (? for menu, Esc to quit)
Okay, then.
You barely miss Beepinex's ghost.
Beepinex's ghost hits you but does no damage. 😨 MP[+1]
You barely miss Beepinex's ghost.
You bite Beepinex's ghost, but do no damage.
Beepinex's ghost hits you!
* * * LOW HITPOINT WARNING * * *
x2 😱 HP[-9]
You take 9 damage, and now have 25/108 hp.
Aiming: Polymorph
Press: ? - help, Shift-Dir - straight line, f/p - Beepinex's ghost
Aim: Beepinex's ghost, wielding a vorpal weapon (almost destroyed, not susceptible)
Okay, then.
Unknown command.
Okay, then.
Okay, then.
Okay, then.
Okay, then.
You hit Beepinex's ghost but do no damage.
Beepinex's ghost hits you!!
You die...

Skill      XL: |  1  2  3  4  5  6  7  8  9 10 11 12 13 14 |
---------------+-------------------------------------------+-----
Spellcasting   | 5 6 7 8 9 10 | 10.4
Invocations    | 1 2 3 4 5 6 7 8 9 10 | 10.0
Fighting       | 1 2 3 4 5 6 7 8 9 |  9.2
Short Blades   | 1 2 3 4 5 6 7 8 9 |  9.2
Long Blades    | 1 2 3 4 5 6 7 8 9 |  9.2
Axes           | 1 2 3 4 5 6 7 8 9 |  9.2
Maces & Flails | 1 2 3 4 5 6 7 8 9 |  9.2
Polearms       | 1 2 3 4 5 6 7 8 9 |  9.2
Staves         | 1 2 3 4 5 6 7 8 9 |  9.2
Slings         | 1 2 3 4 6 8 9 11 | 11.6
Bows           | 1 2 3 4 5 6 7 8 9 |  9.2
Crossbows      | 1 2 3 4 5 6 7 8 9 |  9.2
Throwing       | 1 2 3 4 5 6 7 8 9 |  9.2
Armour         | 1 2 3 4 5 6 7 8 9 |  9.2
Shields        | 1 2 3 4 5 6 7 8 9 |  9.2
Unarmed Combat | 1 2 3 4 5 6 7 8 9 |  9.2
Evocations     | 1 2 3 4 5 6 7 8 9 |  9.2
Hexes          | 1 2 3 4 5 6 7 |  7.6
Summonings     | 1 2 3 4 5 6 7 |  7.6
Necromancy     | 1 2 3 4 5 6 7 |  7.6
Translocations | 1 2 3 4 5 6 7 |  7.6
Transmutations | 1 2 3 4 5 6 7 |  7.6
Fire Magic     | 1 2 3 4 5 6 7 |  7.6
Ice Magic      | 1 2 3 4 5 6 7 |  7.6
Air Magic      | 1 2 3 4 5 6 7 |  7.6
Earth Magic    | 1 2 3 4 5 6 7 |  7.6
Poison Magic   | 1 2 3 4 5 6 7 |  7.6
Dodging        | 5 6 7 8 9 10 | 10.2
Stealth        | 5 6 7 8 9 10 | 10.1
Conjurations   | 8 9 10 | 10.4

Action                   |  1- 3 |  4- 6 |  7- 9 | 10-12 | 13-15 || total
-------------------------+-------+-------+-------+-------+-------++-------
Melee: Quarterstaff      |       |     2 |       |       |       ||     2
       Staff             |       |       |    33 |    22 |    21 ||    76
       Bite              |       |       |     6 |     4 |     6 ||    16
Throw: Dart              |       |       |       |       |     1 ||     1
 Cast: Magic Dart        |    80 |    87 |   148 |   339 |   216 ||   870
       Searing Ray       |     1 |     7 |    52 |    67 |    34 ||   161
       Iskenderun's Myst |       |       |     2 |     7 |    14 ||    23
       Iskenderun's Batt |       |       |       |    54 |    42 ||    96
       Fireball          |       |       |       |     2 |    11 ||    13
Invok: Slouch            |       |       |       |       |     3 ||     3
Evoke: Wand              |       |       |     3 |     2 |    15 ||    20
  Use: Scroll            |       |     5 |     4 |     7 |     8 ||    24
Armor: Robe              |     3 |     2 |     8 |    11 |    20 ||    44
Dodge: Dodged            |     4 |    11 |    52 |   144 |   108 ||   319
Block: Buckler           |       |       |    11 |    58 |    45 ||   114

Levels and vault maps discovered:
D:1:      lemuel_arrival_river_passageway, layout_basic
D:2:      layout_rooms, amcnicky_mini_rare_corridor_liquid,
          uniq_crazy_yiuf_cottage
D:3:      kennysheep_big_flooded_room, layout_loops_ring, uniq_terence
D:4:      layout_basic, portal_sewer_entry_a, grunt_ministairs_4,
          hangedman_abyss_or_decor_passed
D:5:      layout_gridville
D:6:      layout_cave_pools, regret_index_temple_of_mockery,
          lemuel_temple_firewalk_b, trog_book
D:7:      layout_basic, overflow_temple_1_default, serial_shops,
          nicolae_shop_behind_doors, minmay_manual_monolith, uniq_pikel
D:8:      layout_loops_ring, gammafunk_temple_overflow_pools,
          amcnicky_mini_pool_medium
D:9:      layout_basic, chequers_temple_overflow_minitemple
D:10:     hangedman_cross_veins, layout_basic, david_lair_shrubbed, orc_0_dummy,
          minmay_misc_feat_secret_circle
Temple:   oiseaux_autumnal_temple
Lair:1:   wander_river, layout_misc_corridors, beast_lair_carwin_8,
          grunt_megastairs_2, serial_bayou_shore_b, uniq_gastronok
Lair:2:   layout_regular_city, skrybe_swamp_entry_bodies, lemuel_fruit_fields,
          grunt_megastairs_1, serial_bayou_shore_b
Lair:3:   kb_forest_paths, layout_gridlike, spider_nest_entry_webs
Lair:4:   layout_long_grid, small_statue_intersection, uniq_sonja
Lair:5:   layout_gridlike, slime_altar_1, ebering_ghost_inner_flame,
          grunt_forest_large_clearing_hut, uniq_rupert

Notes
Turn   | Place    | Note
-------+----------+-------------------------------------------
     0 | D:1      | phalm the Gnoll Conjurer began the quest for the Orb.
     0 | D:1      | Reached XP level 1. HP: 13/13 MP: 6/6
     0 | D:1      | magus.rc [v1.9.10]
   176 | D:1      | Reached XP level 2. HP: 19/19 MP: 4/7
   180 | D:1      | Learned a level 2 spell: Searing Ray
   938 | D:2      | Reached XP level 3. HP: 25/25 MP: 7/9
   970 | D:2      | Reached skill level 5 in Spellcasting
  1260 | D:2      | Reached skill level 1 in Invocations
  1515 | D:2      | Reached skill level 1 in Fighting
  1515 | D:2      | Reached skill level 1 in Short Blades
  1515 | D:2      | Reached skill level 1 in Long Blades
  1515 | D:2      | Reached skill level 1 in Axes
  1515 | D:2      | Reached skill level 1 in Maces & Flails
  1515 | D:2      | Reached skill level 1 in Polearms
  1515 | D:2      | Reached skill level 1 in Staves
  1515 | D:2      | Reached skill level 1 in Slings
  1515 | D:2      | Reached skill level 1 in Bows
  1515 | D:2      | Reached skill level 1 in Crossbows
  1515 | D:2      | Reached skill level 1 in Throwing
  1515 | D:2      | Reached skill level 1 in Armour
  1515 | D:2      | Reached skill level 1 in Shields
  1515 | D:2      | Reached skill level 1 in Unarmed Combat
  1515 | D:2      | Reached skill level 1 in Evocations
  1861 | D:2      | Found a runed translucent door.
  1862 | D:2      | Noticed Crazy Yiuf
  1916 | D:2      | Killed Crazy Yiuf
  1917 | D:2      | Reached XP level 4. HP: 18/32 MP: 6/11
  2113 | D:3      | Reached skill level 1 in Hexes
  2113 | D:3      | Reached skill level 1 in Summonings
  2113 | D:3      | Reached skill level 1 in Necromancy
  2113 | D:3      | Reached skill level 1 in Translocations
  2113 | D:3      | Reached skill level 1 in Transmutations
  2113 | D:3      | Reached skill level 1 in Fire Magic
  2113 | D:3      | Reached skill level 1 in Ice Magic
  2113 | D:3      | Reached skill level 1 in Air Magic
  2113 | D:3      | Reached skill level 1 in Earth Magic
  2113 | D:3      | Reached skill level 1 in Poison Magic
  2290 | D:3      | Noticed Terence
  2297 | D:3      | Killed Terence
  2298 | D:3      | Reached XP level 5. HP: 36/37 MP: 1/12
  2448 | D:3      | Noticed a water moccasin
  2454 | D:3      | Killed a water moccasin
  2455 | D:3      | Reached skill level 2 in Invocations
  2455 | D:3      | Reached XP level 6. HP: 34/44 MP: 8/13
  2527 | D:3      | Learned a level 4 spell: Fulminant Prism
  2532 | D:3      | Learned a level 4 spell: Iskenderun's Mystic Blast
  3024 | D:3      | Reached skill level 5 in Dodging
  3253 | D:3      | Reached skill level 2 in Fighting
  3253 | D:3      | Reached skill level 2 in Short Blades
  3253 | D:3      | Reached skill level 2 in Long Blades
  3253 | D:3      | Reached skill level 2 in Axes
  3253 | D:3      | Reached skill level 2 in Maces & Flails
  3253 | D:3      | Reached skill level 2 in Polearms
  3253 | D:3      | Reached skill level 2 in Staves
  3253 | D:3      | Reached skill level 2 in Slings
  3253 | D:3      | Reached skill level 2 in Bows
  3253 | D:3      | Reached skill level 2 in Crossbows
  3253 | D:3      | Reached skill level 2 in Throwing
  3253 | D:3      | Reached skill level 2 in Armour
  3253 | D:3      | Reached skill level 2 in Shields
  3253 | D:3      | Reached skill level 2 in Unarmed Combat
  3253 | D:3      | Reached skill level 2 in Evocations
  3443 | D:4      | Found a glowing drain.
  3455 | Sewer    | Entered a sewer
  3581 | Sewer    | Noticed a water moccasin
  3589 | Sewer    | Killed a water moccasin
  3590 | Sewer    | Reached XP level 7. HP: 25/50 MP: 6/15
  4231 | D:4      | Reached skill level 2 in Hexes
  4231 | D:4      | Reached skill level 2 in Summonings
  4231 | D:4      | Reached skill level 2 in Necromancy
  4231 | D:4      | Reached skill level 2 in Translocations
  4231 | D:4      | Reached skill level 2 in Transmutations
  4231 | D:4      | Reached skill level 2 in Fire Magic
  4231 | D:4      | Reached skill level 2 in Ice Magic
  4231 | D:4      | Reached skill level 2 in Air Magic
  4231 | D:4      | Reached skill level 2 in Earth Magic
  4231 | D:4      | Reached skill level 2 in Poison Magic
  4530 | D:4      | Reached skill level 5 in Stealth
  4973 | D:4      | Reached skill level 3 in Invocations
  5143 | D:5      | Entered Level 5 of the Dungeon
  5566 | D:5      | Reached XP level 8. HP: 57/57 MP: 9/16
  5630 | D:5      | Reached skill level 3 in Fighting
  5630 | D:5      | Reached skill level 3 in Short Blades
  5630 | D:5      | Reached skill level 3 in Long Blades
  5630 | D:5      | Reached skill level 3 in Axes
  5630 | D:5      | Reached skill level 3 in Maces & Flails
  5630 | D:5      | Reached skill level 3 in Polearms
  5630 | D:5      | Reached skill level 3 in Staves
  5630 | D:5      | Reached skill level 3 in Slings
  5630 | D:5      | Reached skill level 3 in Bows
  5630 | D:5      | Reached skill level 3 in Crossbows
  5630 | D:5      | Reached skill level 3 in Throwing
  5630 | D:5      | Reached skill level 3 in Armour
  5630 | D:5      | Reached skill level 3 in Shields
  5630 | D:5      | Reached skill level 3 in Unarmed Combat
  5630 | D:5      | Reached skill level 3 in Evocations
  6046 | D:5      | Reached skill level 6 in Spellcasting
  6469 | D:6      | You pick up a book of Necromancy and begin reading...
  6469 | D:6      | You add the spells Pain, Animate Skeleton, Vampiric
                  | Draining, Animate Dead and Agony to your library.
  6817 | D:6      | Noticed a red ugly thing
  6935 | D:6      | Killed a green ugly thing
  6935 | D:6      | HP: 8/58 [shot self (12)]
  6936 | D:6      | Reached skill level 6 in Dodging
  6936 | D:6      | Reached skill level 3 in Hexes
  6936 | D:6      | Reached skill level 3 in Summonings
  6936 | D:6      | Reached skill level 3 in Necromancy
  6936 | D:6      | Reached skill level 3 in Translocations
  6936 | D:6      | Reached skill level 3 in Transmutations
  6936 | D:6      | Reached skill level 3 in Fire Magic
  6936 | D:6      | Reached skill level 3 in Ice Magic
  6936 | D:6      | Reached skill level 3 in Air Magic
  6936 | D:6      | Reached skill level 3 in Earth Magic
  6936 | D:6      | Reached skill level 3 in Poison Magic
  6936 | D:6      | Reached skill level 4 in Invocations
  6936 | D:6      | Reached XP level 9. HP: 9/65 MP: 0/18
  7295 | D:6      | Found a shimmering altar of Xom.
  7296 | D:6      | Found a hazy altar of Hepliaklqana.
  7297 | D:6      | Noticed a spectral ugly thing
  7371 | D:6      | Found a bloodstained altar of Trog.
  7423 | D:6      | You pick up a book of Flames and begin reading...
  7423 | D:6      | You add the spells Foxfire, Conjure Flame, Inner Flame,
                  | Sticky Flame and Fireball to your library.
  7430 | D:6      | Learned a level 5 spell: Fireball
  7469 | D:6      | Reached skill level 4 in Fighting
  7469 | D:6      | Reached skill level 4 in Short Blades
  7469 | D:6      | Reached skill level 4 in Long Blades
  7469 | D:6      | Reached skill level 4 in Axes
  7469 | D:6      | Reached skill level 4 in Maces & Flails
  7469 | D:6      | Reached skill level 4 in Polearms
  7469 | D:6      | Reached skill level 4 in Staves
  7469 | D:6      | Reached skill level 4 in Slings
  7469 | D:6      | Reached skill level 4 in Bows
  7469 | D:6      | Reached skill level 4 in Crossbows
  7469 | D:6      | Reached skill level 4 in Throwing
  7469 | D:6      | Reached skill level 4 in Armour
  7469 | D:6      | Reached skill level 4 in Shields
  7469 | D:6      | Reached skill level 4 in Unarmed Combat
  7469 | D:6      | Reached skill level 4 in Evocations
  7547 | D:6      | Found a staircase to the Ecumenical Temple.
  7556 | Temple   | Entered the Ecumenical Temple
  7590 | Temple   | Became a worshipper of Cheibriados the Contemplative
  8346 | D:7      | Got a smoking chain mail
  8357 | D:7      | Identified the +5 chain mail "Ybihic" {Harm rF+ rC++} (You
                  | found it on level 7 of the Dungeon)
  8447 | D:7      | Found Duqainn's Armour Boutique.
  8521 | D:7      | Reached skill level 6 in Stealth
  8521 | D:7      | Reached skill level 8 in Conjurations
  8642 | D:7      | Noticed Pikel
  8850 | D:7      | Killed Pikel
  8851 | D:7      | Reached skill level 5 in Invocations
  8855 | D:7      | Reached skill level 7 in Spellcasting
  8979 | D:7      | Noticed a hornet
  8986 | D:7      | Killed a hornet
  8986 | D:7      | Reached * piety under Cheibriados
  8987 | D:7      | Reached skill level 4 in Hexes
  8987 | D:7      | Reached skill level 4 in Summonings
  8987 | D:7      | Reached skill level 4 in Necromancy
  8987 | D:7      | Reached skill level 4 in Translocations
  8987 | D:7      | Reached skill level 4 in Transmutations
  8987 | D:7      | Reached skill level 4 in Fire Magic
  8987 | D:7      | Reached skill level 4 in Ice Magic
  8987 | D:7      | Reached skill level 4 in Air Magic
  8987 | D:7      | Reached skill level 4 in Earth Magic
  8987 | D:7      | Reached skill level 4 in Poison Magic
  8987 | D:7      | Reached XP level 10. HP: 73/73 MP: 14/20
  9169 | D:7      | Reached skill level 5 in Fighting
  9169 | D:7      | Reached skill level 5 in Short Blades
  9169 | D:7      | Reached skill level 5 in Long Blades
  9169 | D:7      | Reached skill level 5 in Axes
  9169 | D:7      | Reached skill level 5 in Maces & Flails
  9169 | D:7      | Reached skill level 5 in Polearms
  9169 | D:7      | Reached skill level 5 in Staves
  9169 | D:7      | Reached skill level 5 in Slings
  9169 | D:7      | Reached skill level 5 in Bows
  9169 | D:7      | Reached skill level 5 in Crossbows
  9169 | D:7      | Reached skill level 5 in Throwing
  9169 | D:7      | Reached skill level 5 in Armour
  9169 | D:7      | Reached skill level 5 in Shields
  9169 | D:7      | Reached skill level 5 in Unarmed Combat
  9169 | D:7      | Reached skill level 5 in Evocations
  9542 | D:7      | Found a hide-covered altar of Uskayaw.
  9836 | D:7      | Reached skill level 7 in Dodging
  9936 | D:7      | Reached ** piety under Cheibriados
 10334 | D:8      | You pick up a book of Minor Magic and begin reading...
 10334 | D:8      | You add the spells Blink, Call Imp, Slow and Mephitic Cloud
                  | to your library.
 10338 | D:8      | Learned a level 2 spell: Blink
 10480 | D:8      | Found a sacrificial altar of Ru.
 10480 | D:8      | Found an ancient bone altar of Kikubaaqudgha.
 10484 | D:8      | You pick up a book of Power and begin reading...
 10484 | D:8      | You add the spells Iskenderun's Battlesphere, Bolt of
                  | Magma, Iron Shot, Orb of Destruction and Spellforged
                  | Servitor to your library.
 10491 | D:8      | Learned a level 5 spell: Iskenderun's Battlesphere
 10848 | D:8      | Reached skill level 6 in Invocations
 10903 | D:8      | Got a thick robe
 11035 | D:8      | Identified the +0 robe of Kais {*Corrode Int+6 Dex+3 SInv}
                  | (You found it on level 8 of the Dungeon)
 11077 | D:9      | Reached skill level 7 in Stealth
 11290 | D:9      | Found a faded altar of an unknown god.
 11290 | D:9      | Found a basalt altar of Yredelemnul.
 11298 | D:9      | Found a glowing golden altar of the Shining One.
 11300 | D:9      | Found a shadowy altar of Dithmenos.
 11302 | D:9      | Found a radiant altar of Vehumet.
 11329 | D:9      | Reached skill level 6 in Slings
 11333 | D:9      | Reached *** piety under Cheibriados
 12329 | D:10     | Entered Level 10 of the Dungeon
 12358 | D:10     | Reached XP level 11. HP: 67/81 MP: 9/22
 12358 | D:10     | Reached **** piety under Cheibriados
 12566 | D:10     | Noticed a manticore
 12573 | D:10     | Killed a manticore
 12574 | D:10     | Reached skill level 6 in Fighting
 12574 | D:10     | Reached skill level 6 in Short Blades
 12574 | D:10     | Reached skill level 6 in Long Blades
 12574 | D:10     | Reached skill level 6 in Axes
 12574 | D:10     | Reached skill level 6 in Maces & Flails
 12574 | D:10     | Reached skill level 6 in Polearms
 12574 | D:10     | Reached skill level 6 in Staves
 12574 | D:10     | Reached skill level 6 in Bows
 12574 | D:10     | Reached skill level 6 in Crossbows
 12574 | D:10     | Reached skill level 6 in Throwing
 12574 | D:10     | Reached skill level 6 in Armour
 12574 | D:10     | Reached skill level 6 in Shields
 12574 | D:10     | Reached skill level 6 in Unarmed Combat
 12574 | D:10     | Reached skill level 5 in Hexes
 12574 | D:10     | Reached skill level 5 in Summonings
 12574 | D:10     | Reached skill level 5 in Necromancy
 12574 | D:10     | Reached skill level 5 in Translocations
 12574 | D:10     | Reached skill level 5 in Transmutations
 12574 | D:10     | Reached skill level 5 in Fire Magic
 12574 | D:10     | Reached skill level 5 in Ice Magic
 12574 | D:10     | Reached skill level 5 in Air Magic
 12574 | D:10     | Reached skill level 5 in Earth Magic
 12574 | D:10     | Reached skill level 5 in Poison Magic
 12574 | D:10     | Reached skill level 6 in Evocations
 12642 | D:10     | Reached skill level 8 in Spellcasting
 12827 | D:10     | Reached skill level 7 in Slings
 13193 | D:10     | Noticed a tengu warrior
 13203 | D:10     | Killed a tengu warrior
 13204 | D:10     | Reached skill level 9 in Conjurations
 13204 | D:10     | Reached skill level 7 in Invocations
 13211 | D:10     | Noticed an unseen horror
 13217 | D:10     | Killed an unseen horror
 13218 | D:10     | Reached skill level 8 in Dodging
 13265 | D:10     | Noticed a brown ugly thing
 13265 | D:10     | Noticed a skeletal warrior
 13272 | D:10     | Killed a brown ugly thing
 13280 | D:10     | Killed a skeletal warrior
 13280 | D:10     | Reached ***** piety under Cheibriados
 13590 | D:10     | Reached skill level 8 in Slings
 13590 | D:10     | Reached skill level 8 in Stealth
 13593 | D:10     | Noticed a boulder beetle
 13610 | D:10     | Killed a boulder beetle
 13744 | D:10     | Found a staircase to the Lair.
 13805 | D:10     | Found a staircase to the Orcish Mines.
 14108 | Lair:1   | Entered Level 1 of the Lair of Beasts
 14115 | Lair:1   | Reached XP level 12. HP: 89/89 MP: 16/24
 14158 | Lair:1   | Reached skill level 7 in Fighting
 14158 | Lair:1   | Reached skill level 7 in Short Blades
 14158 | Lair:1   | Reached skill level 7 in Long Blades
 14158 | Lair:1   | Reached skill level 7 in Axes
 14158 | Lair:1   | Reached skill level 7 in Maces & Flails
 14158 | Lair:1   | Reached skill level 7 in Polearms
 14158 | Lair:1   | Reached skill level 7 in Staves
 14158 | Lair:1   | Reached skill level 7 in Bows
 14158 | Lair:1   | Reached skill level 7 in Crossbows
 14158 | Lair:1   | Reached skill level 7 in Throwing
 14158 | Lair:1   | Reached skill level 7 in Armour
 14158 | Lair:1   | Reached skill level 7 in Shields
 14158 | Lair:1   | Reached skill level 7 in Unarmed Combat
 14158 | Lair:1   | Reached skill level 7 in Evocations
 14474 | Lair:1   | Noticed Gastronok
 14494 | Lair:1   | Killed Gastronok
 14495 | Lair:1   | Reached skill level 6 in Hexes
 14495 | Lair:1   | Reached skill level 6 in Summonings
 14495 | Lair:1   | Reached skill level 6 in Necromancy
 14495 | Lair:1   | Reached skill level 6 in Translocations
 14495 | Lair:1   | Reached skill level 6 in Transmutations
 14495 | Lair:1   | Reached skill level 6 in Fire Magic
 14495 | Lair:1   | Reached skill level 6 in Ice Magic
 14495 | Lair:1   | Reached skill level 6 in Air Magic
 14495 | Lair:1   | Reached skill level 6 in Earth Magic
 14495 | Lair:1   | Reached skill level 6 in Poison Magic
 14559 | Lair:1   | Reached skill level 8 in Invocations
 14560 | Lair:1   | Reached skill level 9 in Slings
 14727 | Lair:1   | Reached skill level 9 in Spellcasting
 15201 | Lair:1   | Reached skill level 9 in Dodging
 15821 | Lair:2   | Got a scorched arbalest
 15891 | Lair:2   | Found a staircase to the Swamp.
 15898 | Lair:2   | Reached skill level 9 in Stealth
 15898 | Lair:2   | Reached XP level 13. HP: 98/98 MP: 22/26
 16037 | Lair:2   | Reached skill level 8 in Fighting
 16037 | Lair:2   | Reached skill level 8 in Short Blades
 16037 | Lair:2   | Reached skill level 8 in Long Blades
 16037 | Lair:2   | Reached skill level 8 in Axes
 16037 | Lair:2   | Reached skill level 8 in Maces & Flails
 16037 | Lair:2   | Reached skill level 8 in Polearms
 16037 | Lair:2   | Reached skill level 8 in Staves
 16037 | Lair:2   | Reached skill level 10 in Slings
 16037 | Lair:2   | Reached skill level 8 in Bows
 16037 | Lair:2   | Reached skill level 8 in Crossbows
 16037 | Lair:2   | Reached skill level 8 in Throwing
 16037 | Lair:2   | Reached skill level 8 in Armour
 16037 | Lair:2   | Reached skill level 8 in Shields
 16037 | Lair:2   | Reached skill level 8 in Unarmed Combat
 16037 | Lair:2   | Reached skill level 8 in Evocations
 17211 | Lair:3   | Reached ****** piety under Cheibriados
 17283 | Lair:3   | Reached skill level 9 in Invocations
 17590 | Lair:3   | Reached skill level 10 in Conjurations
 17785 | Lair:3   | Reached skill level 7 in Hexes
 17785 | Lair:3   | Reached skill level 7 in Summonings
 17785 | Lair:3   | Reached skill level 7 in Necromancy
 17785 | Lair:3   | Reached skill level 7 in Translocations
 17785 | Lair:3   | Reached skill level 7 in Transmutations
 17785 | Lair:3   | Reached skill level 7 in Fire Magic
 17785 | Lair:3   | Reached skill level 7 in Ice Magic
 17785 | Lair:3   | Reached skill level 7 in Air Magic
 17785 | Lair:3   | Reached skill level 7 in Earth Magic
 17785 | Lair:3   | Reached skill level 7 in Poison Magic
 17994 | Lair:3   | Found a hole to the Spider Nest.
 18743 | Lair:3   | Reached skill level 10 in Spellcasting
 18931 | Lair:4   | Reached skill level 11 in Slings
 19325 | Lair:4   | Reached XP level 14. HP: 92/106 MP: 12/28
 19623 | Lair:4   | Noticed Sonja
 19626 | Lair:4   | Killed Sonja
 19627 | Lair:4   | Reached skill level 10 in Dodging
 20480 | Lair:5   | Found a staircase to the Slime Pits.
 20480 | Lair:5   | Found a viscous altar of Jiyva.
 20496 | Lair:5   | Noticed Rupert
 20502 | Lair:5   | Reached skill level 9 in Fighting
 20502 | Lair:5   | Reached skill level 9 in Short Blades
 20502 | Lair:5   | Reached skill level 9 in Long Blades
 20502 | Lair:5   | Reached skill level 9 in Axes
 20502 | Lair:5   | Reached skill level 9 in Maces & Flails
 20502 | Lair:5   | Reached skill level 9 in Polearms
 20502 | Lair:5   | Reached skill level 9 in Staves
 20502 | Lair:5   | Reached skill level 9 in Bows
 20502 | Lair:5   | Reached skill level 9 in Crossbows
 20502 | Lair:5   | Reached skill level 9 in Throwing
 20502 | Lair:5   | Reached skill level 9 in Armour
 20502 | Lair:5   | Reached skill level 9 in Shields
 20502 | Lair:5   | Reached skill level 9 in Unarmed Combat
 20502 | Lair:5   | Reached skill level 9 in Evocations
 20506 | Lair:5   | Killed Rupert
 20507 | Lair:5   | Reached skill level 10 in Stealth
 20962 | Lair:5   | You pick up a book of Air and begin reading...
 20962 | Lair:5   | You add the spells Shock, Swiftness, Static Discharge,
                  | Airstrike and Lightning Bolt to your library.
 20973 | Lair:5   | Identified a +1 robe of the Archmagi
 20978 | Lair:5   | Reached skill level 10 in Invocations
 21073 | Lair:5   | Found a runed translucent door.
 21074 | Lair:5   | Noticed Beepinex's ghost (journeyman HOFi)
 21213 | Lair:5   | HP: 27/108 [Beepinex's ghost (7)]
 21214 | Lair:5   | Slain by Beepinex's ghost

Vanquished Creatures
  Rupert (Lair:5)
  Gastronok (Lair:1)
  A boulder beetle (D:10)
  6 hydras
  7 death yaks (Lair:5)
  A tengu warrior (D:10)
  Sonja (Lair:4)
  A skeletal warrior (D:10)
  An unseen horror (D:10)
  Pikel (D:7)
  2 bog bodies (Lair:2)
  A manticore (D:10)
  2 ugly things
  4 elephants (Lair:3)
  A black mamba (Lair:5)
  10 cane toads
  A torpor snail (Lair:5)
  8 komodo dragons
  A polar bear (Lair:2)
  2 trolls (D:10)
  5 hornets
  16 blink frogs
  13 spriggans
  2 redbacks (Lair:3)
  5 wyverns
  35 yaks
  A soldier ant (D:7)
  14 water moccasins
  An ice beast (D:10)
  A sky beast (D:10)
  2 phantoms
  5 orc warriors
  9 black bears
  3 boggarts (Lair:3)
  3 necrophages
  An eye of draining (D:10)
  9 wolves
  4 centaurs
  7 ogres
  3 lemures (D:7)
  A big kobold (D:7)
  19 bullfrogs
  6 scorpions
  17 killer bees
  5 wights (D:7)
  6 howler monkeys
  An electric eel (D:8)
  2 quasits (D:10)
  3 centaur zombies
  2 hounds
  2 jellies
  3 bullfrog zombies
  Crazy Yiuf (D:2)
  4 orc priests
  3 bullfrog skeletons
  2 centaur skeletons
  6 iguanas
  Terence (D:3)
  9 orc wizards
  8 worker ants
  A hound zombie (D:5)
  2 hound skeletons
  A howler monkey zombie (D:10)
  A worker ant zombie (D:10)
  3 gnolls (D:3)
  A howler monkey skeleton (D:5)
  11 adders
  A shadow imp (D:6)
  4 white imps
  5 ufetubi
  An ooze (D:7)
  5 worms
  An adder skeleton (D:5)
  4 dart slugs
  8 leopard geckos
  24 orcs
  8 bats
  6 giant cockroaches
  9 goblins
  4 hobgoblins
  18 jackals
  2 quokkas
  3 ball pythons (D:4)
  4 frilled lizards
  21 kobolds
  A leopard gecko skeleton (D:9)
  A leopard gecko zombie (D:5)
  A quokka skeleton (D:8)
  A quokka zombie (D:5)
  9 rats
454 creatures vanquished.

Vanquished Creatures (others)
  5 fungi
  26 plants
31 creatures vanquished.

Grand Total: 485 creatures vanquished

Table legend:
 A = Non-vault XP
 B = Vault XP
 C = Vault XP percentage of total XP
 D = Non-vault monster count
 E = Vault monster count
 F = Vault count percentage of total count
                 A         B        C        D         E       F
            +---------+---------+-------+---------+---------+-------
      Total |   44513 |   22758 |  33.8 |     367 |      84 |  18.6
            +---------+---------+-------+---------+---------+-------
        D:1 |      33 |       0 |   0.0 |      18 |       0 |   0.0
        D:2 |      48 |      41 |  46.1 |      23 |       1 |   4.2
        D:3 |     314 |      40 |  11.3 |      31 |       3 |   8.8
        D:4 |     395 |      20 |   4.8 |      14 |       6 |  30.0
        D:5 |     541 |       0 |   0.0 |      23 |       0 |   0.0
        D:6 |    1212 |       0 |   0.0 |      22 |       0 |   0.0
        D:7 |    2787 |     924 |  24.9 |      46 |       4 |   8.0
        D:8 |     809 |     129 |  13.8 |      13 |       3 |  18.8
        D:9 |    1671 |       0 |   0.0 |      27 |       0 |   0.0
       D:10 |    3687 |    5508 |  59.9 |      40 |      21 |  34.4
     Lair:1 |    8219 |    3834 |  31.8 |      37 |      11 |  22.9
     Lair:2 |    5420 |    1298 |  19.3 |      16 |       2 |  11.1
     Lair:3 |    8987 |    4961 |  35.6 |      31 |      20 |  39.2
     Lair:4 |    3810 |     827 |  17.8 |      15 |       1 |   6.2
     Lair:5 |    6580 |    5021 |  43.3 |      11 |       6 |  35.3
      Sewer |       0 |     155 | 100.0 |       0 |       6 | 100.0
            +---------+---------+-------+---------+---------+-------

Illustrated notes

Table legend:
 A = Kills in this place as a percentage of kills in entire the game.
 B = Kills by you in this place as a percentage of kills by you in the entire game.
 C = Kills by friends in this place as a percentage of kills by friends in the entire game.
 D = Other kills in this place as a percentage of other kills in the entire game.
 E = Experience gained in this place as a percentage of experience gained in the entire game.
 F = Experience gained in this place divided by the number of levels of this place that you have seen.
                   A       B       C       D       E      F
               +-------+-------+-------+-------+-------+----------------------
         Total | 100.0 | 100.0 |   N/A |   N/A | 100.0 | 3957.1
       Dungeon |  65.4 |  65.4 |   N/A |   N/A |  27.0 | 1815.9
          Lair |  33.3 |  33.3 |   N/A |   N/A |  72.8 | 9791.4
         Sewer |   1.3 |   1.3 |   N/A |   N/A |   0.2 | 155.0
               +-------+-------+-------+-------+-------+----------------------

Table legend: (Time is in decaauts)
 A = Elapsed time spent in this place.
 B = Non-inter-level travel time spent in this place.
 C = Inter-level travel time spent in this place.
 D = Time resting spent in this place.
 E = Time spent auto-exploring this place.
 F = Levels seen in this place.
 G = Mean time per level.
                   A        B        C        D        E       F      G
               +--------+--------+--------+--------+--------+-----+--------+
         Total |  26801 |  26185 |    616 |      0 |  23507 |  17 | 1576.5 |
       Dungeon |  15146 |  14825 |    321 |      0 |  13185 |  10 | 1514.6 |
        Temple |    427 |    391 |     36 |      0 |    383 |   1 |  427.0 |
          Lair |  10776 |  10517 |    259 |      0 |   9527 |   5 | 2155.2 |
         Sewer |    451 |    451 |      0 |      0 |    411 |   1 |  451.0 |
               +--------+--------+--------+--------+--------+-----+--------+

Top non-repeatable levels by time:
  Lair:3: 2740 daAuts
     D:7: 2478 daAuts
    D:10: 2431 daAuts
  Lair:1: 2324 daAuts
  Lair:4: 2084 daAuts
  Lair:2: 1979 daAuts
     D:9: 1694 daAuts
  Lair:5: 1646 daAuts
     D:5: 1507 daAuts
     D:3: 1319 daAuts
     D:4: 1289 daAuts
     D:6: 1164 daAuts
     D:2: 1159 daAuts
     D:8: 1155 daAuts
     D:1: 946 daAuts
